 Dungeon Crawl Stone Soup version 0.26.1-11-gd32895ea62 (webtiles) character file.

Game seed: 17908388925197228555

46 Almogavar the Magician (level 3, -4/28 HPs)
             Began as a Gnoll Wanderer on July 13, 2021.
             Slain by a killer bee (6 damage)
             ... on level 2 of the Dungeon.
             The game lasted 00:04:52 (1916 turns).

Almogavar the Magician (Gnoll Wanderer)             Turns: 1916, Time: 00:04:52

Health: -4/28      AC:  2    Str: 15    XL:     3   Next: 68%
Magic:  8/9        EV: 11    Int: 16    God:
Gold:   51         SH:  0    Dex: 12    Spells: 9/12 levels left

rFire    . . .     SeeInvis .   a - +0 mace
rCold    . . .     Faith    .   (no shield)
rNeg     . . .     Spirit   .   d - +0 robe
rPois    .         Reflect  .   (no helmet)
rElec    .         Harm     .   (no cloak)
rCorr    .         Rampage  .   (no gloves)
Will     .....                  (no boots)
Stlth    ++........             (no amulet)
HPRegen  0.09/turn              (no ring)
MPRegen  0.11/turn              (no ring)

@: lethally poisoned (-4 -> -8), hasted, very quick
A: distributed training, fangs 1, strong nose
a: no special abilities


You were on level 2 of the Dungeon.
You visited 1 branch of the dungeon, and saw 2 of its levels.

You collected 51 gold pieces.

Inventory:

Hand Weapons
 a - a +0 mace (weapon)
Missiles
 b - 56 arrows
 e - 5 stones
 f - 23 poisoned darts (quivered)
Armour
 d - a +0 robe (worn)
Scrolls
 c - 2 scrolls of amnesia {unknown}
 g - a scroll of identify {unknown}
 i - a scroll of remove curse {unknown}
Potions
 j - a potion of magic {unknown}
 k - a potion of brilliance {unknown}


   Skills:
 + Level 2.6 Fighting
 + Level 0.9 Short Blades
 + Level 0.9 Long Blades
 + Level 0.9 Axes
 + Level 4.5 Maces & Flails
 + Level 0.9 Polearms
 + Level 0.9 Staves
 + Level 0.9 Slings
 + Level 0.9 Bows
 + Level 0.9 Crossbows
 + Level 2.6 Throwing
 + Level 4.5 Armour
 + Level 0.9 Dodging
 + Level 2.4 Stealth
 + Level 0.9 Shields
 + Level 0.9 Unarmed Combat
 + Level 5.0 Spellcasting
 + Level 2.1 Conjurations
 + Level 0.6 Hexes
 + Level 0.6 Summonings
 + Level 0.6 Necromancy
 + Level 0.6 Translocations
 + Level 0.6 Transmutations
 + Level 0.6 Fire Magic
 + Level 0.6 Ice Magic
 + Level 0.6 Air Magic
 + Level 0.6 Earth Magic
 + Level 0.6 Poison Magic
 + Level 1.0 Invocations
 + Level 0.9 Evocations


You had 9 spell levels left.
You knew the following spells:

 Your Spells              Type           Power        Failure   Level
a - Magic Dart            Conj           40%          6%          1
b - Blink                 Tloc           N/A          19%         2

Your spell library contained the following spells:

 Spells                   Type           Power        Failure   Level
 Call Imp                 Summ           6%           19%         2
 Slow                     Hex            6%           19%         2
 Conjure Flame            Conj/Fire      8%           26%         3
 Mephitic Cloud           Conj/Pois/Air  7%           28%         3


Dungeon Overview and Level Annotations

Branches:
Dungeon (2/15)

Altars:


Innate Abilities, Weirdness & Mutations

Your experience applies equally to all skills.
You have very sharp teeth.
Your uncanny sense of smell can sniff out nearby items.


Message History

The killer bee is moderately wounded.
The killer bee stings you!
* * * LOW HITPOINT WARNING * * *
You are poisoned.
The killer bee poisons you! The killer bee barely misses you.
You miss the killer bee.
The killer bee buzzes angrily.
Your bite misses the killer bee.
The killer bee is moderately wounded.
* * * LOW HITPOINT WARNING * * *
You feel sick. The killer bee closely misses you.
A frilled lizard comes into view.
The killer bee stings you.
* * * LOW HITPOINT WARNING * * *
Unknown command.
Unknown command.
It was a potion of haste.
You feel yourself speed up.
* * * LOW HITPOINT WARNING * * *
You feel sick. The killer bee misses you. The killer bee stings you.
You die...

....#####.......######
....# #............#
....# #............#
...†# #....[.......#
....# #............#
#....# ######.......#
........ #.......# ∆
.###.... #.......#
.#≈#.... ###@#####
.###...^ #y# ........
#y# #..... #yy# ∆
.(... ∆ #?#.#.#.
...l.......
..#.#.#.#...
#............


You could see 4 killer bees and a frilled lizard (wandering).

Vanquished Creatures
  An adder (D:2)
  3 dart slugs
  A leopard gecko (D:1)
  A hobgoblin (D:2)
  4 jackals
  3 kobolds
  4 bats
  2 frilled lizards
  7 goblins
  2 rats (D:2)
28 creatures vanquished.

Notes
Turn   | Place    | Note
-------+----------+-------------------------------------------
     0 | D:1      | Almogavar the Gnoll Wanderer began the quest for the Orb.
     0 | D:1      | Almogavar set off with the following items: a +0 mace, a
                  | potion of lignification, a +0 robe; and the following spell
                  | memorised: Magic Dart; and the following spells available
                  | to memorise: Blink, Call Imp, Slow, Conjure Flame, Mephitic
                  | Cloud
     0 | D:1      | Reached XP level 1. HP: 17/17 MP: 6/6
   698 | D:1      | Reached XP level 2. HP: 21/23 MP: 7/7
  1177 | D:1      | Learned a level 2 spell: Blink
  1601 | D:2      | Reached XP level 3. HP: 28/28 MP: 9/9
  1605 | D:2      | Reached skill level 5 in Spellcasting
  1636 | D:2      | Reached skill level 1 in Invocations
  1908 | D:2      | Noticed a killer bee
  1909 | D:2      | Noticed a killer bee
  1912 | D:2      | Noticed a killer bee
  1913 | D:2      | Noticed a killer bee
  1916 | D:2      | Slain by a killer bee

Illustrated notes

Levels and vault maps discovered:
D:1:      ncdulo_watergridlock, layout_loops_ring
D:2:      layout_basic, serial_glass, glass_columns_c, glass_columns_a,
          feat_on_display, due_unseen_surprise, feat_on_display

Skill      XL: |  1  2  3 |
---------------+----------+-----
Conjurations   | 2 |  2.1
Spellcasting   | 5 |  5.0
Invocations    | 1 |  1.0
Fighting       | |  2.6
Short Blades   | |  0.9
Long Blades    | |  0.9
Axes           | |  0.9
Maces & Flails | |  4.5
Polearms       | |  0.9
Staves         | |  0.9
Slings         | |  0.9
Bows           | |  0.9
Crossbows      | |  0.9
Throwing       | |  2.6
Armour         | |  4.5
Dodging        | |  0.9
Stealth        | |  2.4
Shields        | |  0.9
Unarmed Combat | |  0.9
Hexes          | |  0.6
Summonings     | |  0.6
Necromancy     | |  0.6
Translocations | |  0.6
Transmutations | |  0.6
Fire Magic     | |  0.6
Ice Magic      | |  0.6
Air Magic      | |  0.6
Earth Magic    | |  0.6
Poison Magic   | |  0.6
Evocations     | |  0.9

Action                   || total
-------------------------++-------
Melee: Mace              ||    51
       Bite              ||     3
Throw: Dart              ||    14
 Cast: Magic Dart        ||    22
  Use: Potion            ||     2
 Stab: Sleeping          ||     3
Armor: Robe              ||     9
Dodge: Dodged            ||    33
